 Dungeon Crawl Stone Soup version 0.26.0-11-g8f856b5395 (webtiles) character file.

Game seed: 16944460182582348912

142 teolandon225 the Shield-Bearer (level 5, 0/49 HPs)
             Began as a Gargoyle Fighter on Jan 14, 2021.
             Slain by an orc wizard
             ... wielding a +0 dagger
              (2 damage)
             ... on level 3 of the Dungeon.
             The game lasted 00:07:11 (2626 turns).

teolandon225 the Shield-Bearer (Gargoyle Fighter)   Turns: 2626, Time: 00:07:12

Health: 0/49       AC: 22    Str: 22    XL:     5   Next: 25%
Magic:  5/5        EV:  2    Int:  9    God:
Gold:   123        SH:  9    Dex:  9    Spells: 4/4 levels left

rFire    . . .     SeeInvis .   a - +1 flail
rCold    . . .     Faith    .   c - +0 kite shield
rNeg     + + +     Spirit   .   (armour currently unavailable)
rPois    ∞         Reflect  .   (helmet currently unavailable)
rElec    .         Harm     .   (cloak currently unavailable)
rCorr    .         Rampage  .   (gloves currently unavailable)
Will     .....     NoTele   +   (boots currently unavailable)
Stlth    +.........             (no amulet)
HPRegen  0.16/turn              (no ring)
MPRegen  0.09/turn              (no ring)

@: tree-form
A: negative energy resistance 1, strong 1, evolution 1, petrification
resistance, miasma immunity, AC +4
a: no special abilities


You were on level 3 of the Dungeon.
You were a tree.
You visited 1 branch of the dungeon, and saw 3 of its levels.

You collected 123 gold pieces.

Inventory:

Hand Weapons
 a - a +1 flail (weapon)
Armour
 b - a +1 scale mail (melded)
 c - a +0 kite shield (worn)
 g - a +0 kite shield
 j - a +0 pair of gloves (melded)
 k - a +0 helmet (melded)
 m - a scarf of invisibility (melded)
 n - a +0 pair of boots (melded)
Jewellery
 r - a +4 ring of evasion {unknown}
Wands
 i - a wand of disintegration (16)
Scrolls
 e - 5 scrolls of identify {unknown}
 p - a scroll of enchant armour
Potions
 d - 2 potions of might


   Skills:
 + Level 4.0 Fighting
 * Level 3.6 Maces & Flails
 + Level 4.0 Armour
 + Level 4.1 Shields


You had 4 spell levels left.
You didn't know any spells.
Your spell library was empty.

Dungeon Overview and Level Annotations

Branches:
Dungeon (3/15)

Altars:
Uskayaw


Innate Abilities, Weirdness & Mutations

You are resistant to torment.
((Your stone body is resilient. (AC +4)))
You are immune to poison.
You resist negative energy. (rN+)
((You are resistant to electric shocks. (rElec)))
((You can survive without breathing.))
You are immune to petrification.
You are immune to miasma.
Your muscles are strong. (Str +2)
You evolve.


Message History

Your +0 pair of gloves melds into your body.
Your +0 pair of boots melds into your body.
Your +1 scale mail melds into your body.
Your roots penetrate the ground.
You hear some strange, mumbled words.
A magic dart appears from out of thin air!
The magic dart hits you.
* * * LOW HITPOINT WARNING * * *
It was a potion of mutation.
You feel extremely strange.
You feel stronger.
You feel nature experimenting on you.
Don't worry, failures die fast.
The orc priest hits you but does no damage.
Something hits you but does no damage.
You cannot move.
You miss something. You block the orc priest's attack.
Something hits you but does no damage.
You hit something.
The orc priest hits you but does no damage.
Something hits you.
You die...

.#.#b# #. ...# P#.#P### #.#
##+##..# P#.#...#
#..##.⌠.##..# P#.#######
#..##...##..##
.#.......######..##...##..##
.#.#####......##..##...##..##
.#.#bP.#......#....''.⌠.''..#
P#.#P###..........##...##...#
P#.#P# #....#..{♣##...##..#.#
##.## ####.#..o##...##..##.#
..# #....##.⌠.##......# ...
###.####+##..#)####
#............#
#.####..####.#####
#.......####.#
#######.o......#
[.......#####.>#


You could see an orc priest.

Vanquished Creatures
  Jessica (D:2)
  Terence (D:2)
  Robin (D:2)
  2 adders (D:2)
  A dart slug (D:1)
  3 leopard geckos
  An orc (D:3)
  A giant cockroach (D:2)
  13 goblins
  9 hobgoblins
  5 bats
  3 frilled lizards
  7 kobolds
  5 rats
53 creatures vanquished.

Notes
Turn   | Place    | Note
-------+----------+-------------------------------------------
     0 | D:1      | teolandon225 the Gargoyle Fighter began the quest for the
                  | Orb.
     0 | D:1      | Reached XP level 1. HP: 14/14 MP: 1/1
   239 | D:1      | Reached XP level 2. HP: 19/19 MP: 2/2
   282 | D:1      | You fall into a shaft and drop 1 floor!
   451 | D:2      | Noticed Robin
   531 | D:2      | Reached XP level 3. HP: 23/23 MP: 3/3
   734 | D:2      | Killed Robin
   815 | D:2      | Noticed Terence
   831 | D:2      | Noticed a +0 dagger
   831 | D:2      | Noticed a +0 hand axe
   837 | D:2      | Found a hide-covered altar of Uskayaw.
   964 | D:2      | Noticed Jessica
  1220 | D:1      | Reached XP level 4. HP: 29/29 MP: 4/4
  1915 | D:2      | Killed Terence
  2351 | D:2      | Killed Jessica
  2352 | D:2      | Reached XP level 5. HP: 33/33 MP: 5/5
  2623 | D:3      | HP: 2/49 [something/magic dart (1)]
  2624 | D:3      | Gained mutation: Your muscles are strong. (Str +2) [potion
                  | of mutation]
  2624 | D:3      | Gained mutation: You evolve. [potion of mutation]
  2626 | D:3      | Slain by an orc wizard

Illustrated notes

Levels and vault maps discovered:
D:1:      psy_arrival_whirlpool, layout_basic, roderic_serpentine_path,
          dk_noncrumbling_2
D:2:      layout_loops_cross, dancing_weapons_uskayaw, grunt_ministairs_6,
          uniq_jessica, uniq_terence, uniq_robin
D:3:      layout_basic, serial_aquarium, aquarium_bridge_long_joined
          [aquarium_subvault_bridge, aquarium_subvault_wall,
          aquarium_subvault_wall, aquarium_subvault_bridge,
          aquarium_subvault_bridge, aquarium_subvault_bridge],
          aquarium_bridge_square [aquarium_subvault_wall,
          aquarium_subvault_bridge, aquarium_subvault_bridge,
          aquarium_subvault_bridge], aquarium_window_corridor_2,
          aquarium_window_1, aquarium_view_2d, aquarium_view_2f,
          aquarium_balcony_3b, aquarium_pool_corner, portal_sewer_entry_e,
          st_stairs_10, grunt_decor_cap, grunt_decor_arrowhead

Skill      XL: |  1  2  3  4 |
---------------+-------------+-----
Maces & Flails | 3 |  3.6
Shields        | 4 |  4.1
Fighting       | 4 |  4.0
Armour         | 4 |  4.0

Action                   |  1- 3 |  4- 6 || total
-------------------------+-------+-------++-------
Melee: Flail             |   127 |   121 ||   248
       Unarmed           |       |    15 ||    15
  Use: Scroll            |       |     3 ||     3
       Potion            |       |     3 ||     3
Armor: Scale mail        |    64 |    67 ||   131
       Skin              |       |     2 ||     2
Dodge: Dodged            |    45 |    38 ||    83
Block: Kite shield       |    63 |    59 ||   122
